 Dungeon Crawl Stone Soup version 0.26-a0-812-g31a745ddcd (webtiles) character file.

Game seed: 13589136623157677032

26 mkm the Grave Robber (level 3, 0/26 HPs)
             Began as a Ghoul Necromancer on Nov 21, 2020.
             Slain by an adder (2 damage)
             ... on level 2 of the Dungeon.
             The game lasted 00:13:34 (2962 turns).

mkm the Grave Robber (Ghoul Necromancer)            Turns: 2962, Time: 00:13:35

Health: 0/26       AC:  2    Str: 11    XL:     3   Next: 8%
Magic:  0/4        EV:  9    Int: 11    God:
Gold:   74         SH:  6    Dex:  9    Spells: 3/5 levels left

rFire    . . .     SeeInvis .   b - -3 dagger (curse)
rCold    + . .     Faith    .   d - +0 kite shield
rNeg     + + +     Spirit   .   a - +0 robe
rPois    ∞         Reflect  .   (no helmet)
rElec    .         Harm     .   (no cloak)
rCorr    .         Rampage  .   (no gloves)
MR       .....                  (no boots)
Stlth    ++........             (no amulet)
HPRegen  0.00/turn              (no ring)
MPRegen  0.09/turn              (no ring)

@: no status effects
A: rotting body, claws 1, cold resistance 1, negative energy resistance 3,
inhibited regeneration, torment resistance, unbreathing
a: no special abilities


You were on level 2 of the Dungeon.
You visited 1 branch of the dungeon, and saw 2 of its levels.

You collected 74 gold pieces.

Inventory:

Hand Weapons
 b - a cursed -3 dagger (weapon)
Armour
 a - a +0 robe (worn)
 d - a +0 kite shield (worn)
Jewellery
 g - a +6 ring of strength {unknown}
 h - an uncursed amulet of the acrobat {unknown}
Scrolls
 c - a scroll of teleportation


   Skills:
 + Level 0.2 Fighting
 + Level 2.1 Dodging
 + Level 2.3 Stealth
 + Level 0.8 Shields
 + Level 0.2 Unarmed Combat
 + Level 1.9 Spellcasting
 + Level 4.3 Necromancy


You had 3 spell levels left.
You knew the following spells:

 Your Spells              Type           Power        Failure   Level
a - Pain                  Necr           ##..         30%         1
b - Animate Skeleton      Necr           ##....       30%         1

Your spell library contained the following spells:

 Spells                   Type           Power        Failure   Level
 Vampiric Draining        Necr           ##........   65%         3
 Animate Dead             Necr           ##........   96%         4
 Agony                    Necr           ##......     100%        5


Dungeon Overview and Level Annotations

Branches:
Dungeon (2/15)

Altars:


Innate Abilities, Weirdness & Mutations

Your body is rotting away.
You thrive by killing the living.
You are immune to poison.
You have sharp fingernails.
Your flesh is cold resistant. (rC+)
You are immune to negative energy. (rN+++)
You do not regenerate when monsters are visible.
You are immune to unholy pain and torment.
You can survive without breathing.


Message History

* * * LOW HITPOINT WARNING * * *
You hit the adder but do no damage.
The adder is almost dead.
You block the adder's attack.
You aren't carrying any potions.
You closely miss the adder.
The adder is almost dead.
The adder barely misses you. The adder bites you.
* * * LOW HITPOINT WARNING * * *
Your shield prevents you from hitting the adder.
The adder is almost dead.
The adder barely misses you.
Your magical contamination has completely faded away.
You hit the adder but do no damage.
The adder is almost dead.
The adder closely misses you.
You barely miss the adder.
The adder is almost dead.
You block the adder's attack. The adder bites you.
You die...

### #.#
#######.##
........<#
######..#
#..# #.##
#@# #S.#
....#
..♣...+
... ..##
#### .##
##


You could see an adder.

Vanquished Creatures
  An ooze (D:1)
  A giant cockroach (D:1)
  3 goblins (D:1)
  2 hobgoblins (D:1)
  A jackal (D:1)
  6 bats (D:1)
  3 frilled lizards (D:1)
  A kobold (D:1)
  5 rats (D:1)
23 creatures vanquished.

Vanquished Creatures (collateral kills)
  A jackal (D:1)
1 creature vanquished.

Grand Total: 24 creatures vanquished

Notes
Turn   | Place    | Note
-------+----------+-------------------------------------------
     0 | D:1      | mkm the Ghoul Necromancer began the quest for the Orb.
     0 | D:1      | Reached XP level 1. HP: 14/14 MP: 2/2
     2 | D:1      | Learned a level 1 spell: Animate Skeleton
   641 | D:1      | Reached XP level 2. HP: 17/20 MP: 3/3
  2021 | D:1      | Reached XP level 3. HP: 10/26 MP: 0/4
  2962 | D:2      | Slain by an adder

Illustrated notes

Levels and vault maps discovered:
D:1:      evilmike_arrival_plus, layout_rooms, serial_co_window_serial,
          co_window_of_opportunity_a, co_window_paths_b,
          co_window_of_opportunity_a, co_window_corner_a, co_window_corner_a,
          co_window_of_opportunity_a, co_window_cross_1, co_window_corner_ca,
          co_window_of_opportunity_b, co_window_broadway_b, co_window_2corner,
          co_window_paths_e, co_window_sun, glass_columns_a, glass_columns_a,
          glass_columns_a, glass_columns_a
D:2:      layout_basic, corexii_hall_statues_x, grunt_ministairs_15,
          fedhas_altar_1

Skill      XL: |  1  2 |
---------------+-------+-----
Dodging        | 2 |  2.1
Fighting       | |  0.2
Stealth        | |  2.3
Shields        | |  0.8
Unarmed Combat | |  0.2
Spellcasting   | |  1.9
Necromancy     | |  4.3

Action                   || total
-------------------------++-------
Melee: Dagger            ||   226
       Unarmed           ||     4
 Cast: Pain              ||    19
       Animate Skeleton  ||     4
  Use: Scroll            ||     2
       Potion            ||     3
Armor: Robe              ||    83
Dodge: Dodged            ||   171
Block: Kite shield       ||    77

Table legend: (Time is in decaauts)
 A = Elapsed time spent in this place.
 B = Non-inter-level travel time spent in this place.
 C = Inter-level travel time spent in this place.
 D = Time resting spent in this place.
 E = Time spent auto-exploring this place.
 F = Levels seen in this place.
 G = Mean time per level.
                   A        B        C        D        E       F      G
               +--------+--------+--------+--------+--------+-----+--------+
         Total |   2980 |   2951 |     29 |     60 |   2334 |   2 | 1490.0 |
       Dungeon |   2980 |   2951 |     29 |     60 |   2334 |   2 | 1490.0 |
               +--------+--------+--------+--------+--------+-----+--------+

Top non-repeatable levels by time:
     D:1: 2937 daAuts
     D:2: 42 daAuts
